 Dungeon Crawl Stone Soup version 0.25-a0-435-g4b9beb1024 (webtiles) character file.

Game seed: 9515521741733692432, levelgen mode: deterministic

229 Archen the Chopper (level 5, 0/48 HPs)
             Began as a Minotaur Berserker on Jan 27, 2020.
             Was a Believer of Trog.
             Slain by a gnoll
             ... wielding a +0 spear
              (7 damage)
             ... on level 3 of the Dungeon.
             The game lasted 00:06:00 (2010 turns).

Archen the Chopper (Minotaur Berserker)             Turns: 2010, Time: 00:06:01

Health: 0/48       AC:  9    Str: 17    XL:     5   Next: 71%
Magic:  4/4        EV:  5    Int:  4    God:    Trog [**....]
Gold:   249        SH:  9    Dex: 10    Spells: 4/4 levels left

rFire    + . .     SeeInvis .   t - +0 war axe
rCold    x . .     Gourm    .   p - +2 shield
rNeg     . . .     Faith    .   r - +0 chain mail
rPois    .         Spirit   .   (helmet restricted)
rElec    .         Reflect  .   (no cloak)
rCorr    .         Harm     +   (no gloves)
MR       .....                  (no boots)
Stlth    ..........             m - amulet of harm
HPRegen  0.16/turn              d - -5 ring of strength (curse)
MPRegen  0.09/turn              l - ring of fire

@: lethally poisoned (0 -> -5)
A: retaliatory headbutt, horns 2
a: Berserk, Trog's Hand, Renounce Religion


You were on level 3 of the Dungeon.
You worshipped Trog.
Trog was pleased with you.
You were hungry.

You visited 1 branch of the dungeon, and saw 3 of its levels.

You collected 249 gold pieces.

Inventory:

Hand Weapons
 t - a +0 war axe (weapon)
Armour
 p - a +2 shield (worn)
 r - a +0 chain mail (worn)
Jewellery
 d - a cursed -5 ring of strength (left hand)
 l - a ring of fire (right hand)
 m - an amulet of harm (around neck)
Scrolls
 e - 5 scrolls of identify
 n - a scroll of fear
 q - a scroll of teleportation
Potions
 b - 4 potions of curing {unknown}
 f - 3 potions of mutation {unknown}
 g - 3 potions of magic
 h - 2 potions of heal wounds {unknown}
 k - a potion of agility {unknown}
Comestibles
 c - 3 rations
 s - 15 chunks of flesh


   Skills:
 + Level 5.0 Fighting
 * Level 5.1 Axes
 + Level 4.1 Armour
 + Level 3.7 Dodging


You had 4 spell levels left.
You didn't know any spells.
Your spell library was empty.

Dungeon Overview and Level Annotations

Branches:
Dungeon (3/15)

Altars:
Uskayaw


Innate Abilities, Weirdness & Mutations

You reflexively headbutt those who attack you in melee.
You have a pair of horns on your head.


Message History

You block the water moccasin's attack.
The leopard gecko bites you but does no damage.
The gnoll hits you but does no damage.
The gnoll hits you from afar with a +0 spear.
The water moccasin bites you.
You are poisoned.
The water moccasin poisons you! You block the leopard gecko's attack.
You miss the water moccasin.
The water moccasin is moderately wounded.
You slash the gnoll! You closely miss the leopard gecko.
You feel sick. The water moccasin bites you.
The orc wizard mumbles some strange words.
The orc wizard seems to speed up.
The gnoll hits you.
* * * LOW HITPOINT WARNING * * *
You block the gnoll's attack. The leopard gecko bites you.
* * * LOW HITPOINT WARNING * * *
The water moccasin bites you but does no damage.
The gnoll hits you but does no damage.
The gnoll hits you from afar with a +0 spear.
You die...

#.>........#
#....#######.#
#.##.# #(# #.
#.# #.# # #.#
#.# #.# #.#
#.# #.# ...
#.# #@#
#.gSlo....#
#..gog....#
........$..#
.##..........
.. #.........#
( ......o...#
##.........#


You could see a water moccasin, an orc wizard, 2 gnolls, 2 orcs, a leopard gecko
and a hobgoblin.

Vanquished Creatures
  A bullfrog (D:3)
  An orc wizard (D:3)
  4 adders
  5 gnolls (D:3)
  2 worms
  A leopard gecko (D:3)
  4 orcs (D:3)
  3 bats
  3 giant cockroaches
  6 goblins
  5 hobgoblins
  A frilled lizard (D:2)
  6 kobolds
  9 rats
51 creatures vanquished.

Notes
Turn   | Place    | Note
-------+----------+-------------------------------------------
     0 | D:1      | Archen the Minotaur Berserker began the quest for the Orb.
     0 | D:1      | Reached XP level 1. HP: 19/19 MP: 0/0
   207 | D:1      | Reached XP level 2. HP: 27/27 MP: 1/1
   842 | D:2      | Reached XP level 3. HP: 23/33 MP: 2/2
   961 | D:2      | Reached ** piety under Trog
  1058 | D:2      | Found a hide-covered altar of Uskayaw.
  1364 | D:3      | Noticed a bullfrog
  1372 | D:3      | Killed a bullfrog
  1372 | D:3      | Reached XP level 4. HP: 39/41 MP: 3/3
  1455 | D:3      | Reached XP level 5. HP: 34/47 MP: 4/4
  1890 | D:3      | Reached skill level 5 in Axes
  2001 | D:3      | Noticed a water moccasin
  2004 | D:3      | Reached skill level 5 in Fighting
  2010 | D:3      | Slain by a gnoll

Levels and vault maps discovered:
D:1:      ncdulo_smallfort, layout_basic
D:2:      layout_loops_ring, eat_drink_and_be_merry_uskayaw,
          minmay_indecisive_spiral
D:3:      layout_loops_ring, gammafunk_ghost_necromancy

Skill      XL: |  1  2  3  4  5 |
---------------+----------------+-----
Fighting       | 4 5 |  5.0
Axes           | 4 5 |  5.1
Armour         | 3 4 |  4.1
Dodging        | 3 |  3.7

Action                   |  1- 3 |  4- 6 || total
-------------------------+-------+-------++-------
Melee: Hand axe          |    74 |    30 ||   104
       Headbutt          |    10 |    10 ||    20
       War axe           |       |    18 ||    18
  Use: Scroll            |     3 |     1 ||     4
  Eat: Chunk             |     1 |     2 ||     3
Armor: Ring mail         |    17 |    13 ||    30
       Animal skin       |     1 |       ||     1
       Chain mail        |       |    24 ||    24
Dodge: Dodged            |    39 |    34 ||    73
Block: Shield            |       |    26 ||    26

Table legend:
 A = Non-vault XP
 B = Vault XP
 C = Vault XP percentage of total XP
 D = Non-vault monster count
 E = Vault monster count
 F = Vault count percentage of total count
                 A         B        C        D         E       F
            +---------+---------+-------+---------+---------+-------
      Total |     312 |      16 |   4.9 |      47 |       4 |   7.8
            +---------+---------+-------+---------+---------+-------
        D:1 |      21 |       0 |   0.0 |      13 |       0 |   0.0
        D:2 |      33 |      16 |  32.7 |      10 |       4 |  28.6
        D:3 |     258 |       0 |   0.0 |      24 |       0 |   0.0
            +---------+---------+-------+---------+---------+-------
